 Dungeon Crawl Stone Soup version 0.20.1-1-g8b1a95d (webtiles) character file.

206389 Ferkelamun the Scorcher (level 18, -2/148 HPs)
             Began as a Red Draconian Fire Elementalist on July 21, 2017.
             Was the Champion of Vehumet.
             Slain by a merfolk
             ... wielding a +0 trident
              (21 damage)
             ... on level 1 of the Shoals.
             The game lasted 02:56:39 (48198 turns).

Ferkelamun the Scorcher (DrFE)                     Turns: 48198, Time: 02:56:40

Health: -2/148     AC: 16    Str:  6    XL:     18   Next: 6%
Magic:  22/46      EV: 10    Int: 28    God:    Vehumet [******]
Gold:   3073       SH:  0    Dex: 15    Spells: 5/47 levels left

rFire    + + +     SeeInvis .   K - staff of wizardry
rCold    . . .     Gourm    .   L - +0 shield of the Kettle-Drum {Str-4 Int+5}
rNeg     . . .     Faith    .   (armour unavailable)
rPois    +         Spirit   .   Q - +0 hat
rElec    +         Reflect  +   I - +1 cloak
rCorr    .         Harm     .   y - +2 pair of gloves
MR       +....                  u - +0 pair of boots
Stlth    ++........             l - +6 amulet of reflection
Regen    0.4/turn               T - ring "Hogoz" {rElec rPois rF++}
MPRegen  0.3/turn               U - ring of magical power

@: engulfed (cannot breathe), barbed spikes, held, slowed, very slow
A: breathe fire, unfitting armour, horns 2, agile 1, fire resistance 1, robust
1, cold-blooded, AC +10
}: 1/15 runes: serpentine
a: Breathe Fire, Renounce Religion


You were on level 1 of the Shoals.
You worshipped Vehumet.
Vehumet was exalted by your worship.
You were near starving.

You visited 6 branches of the dungeon, and saw 29 of its levels.
You also visited: Labyrinth and Ice Cave.

You collected 3629 gold pieces.
You spent 556 gold pieces at shops.

Inventory:

Hand Weapons
 a - the +11 lajatang of Popular Demand {pain, rElec Dex+2}
   (You found it on level 6 of the Dungeon)

   In the hands of one skilled in necromantic magic, it inflicts extra damage on
   living creatures.
   It affects your dexterity (+2).
   It insulates you from electricity.
Armour
 u - a +0 pair of boots (worn)
 y - a +2 pair of gloves (worn)
 I - a +1 cloak (worn)
 L - the +0 shield of the Kettle-Drum (worn) {Str-4 Int+5}
   (You bought it in a shop on level 2 of the Orcish Mines)

   It affects your strength (-4).
   It affects your intelligence (+5).
 Q - a +0 hat (worn)
Magical Staves
 K - an uncursed staff of wizardry (weapon)
Jewellery
 l - a +6 amulet of reflection (around neck)
 q - an uncursed ring of resist corrosion
 w - an uncursed ring of wizardry
 F - an uncursed ring of see invisible
 J - an uncursed ring of protection from cold
 N - an uncursed amulet of regeneration
 O - an uncursed ring of protection from cold
 T - the ring "Hogoz" (left hand) {rElec rPois rF++}
   (You found it on level 14 of the Dungeon)

   [ring of poison resistance]

   It greatly protects you from fire.
   It insulates you from electricity.
   It protects you from poison.
 U - a ring of magical power (right hand)
 W - a +3 ring of intelligence
Wands
 x - a wand of confusion (16/48)
 A - a wand of iceblast (8/15)
 Y - a wand of digging (13/24)
Scrolls
 c - 14 scrolls of teleportation
 f - 13 scrolls of remove curse
 g - 5 scrolls of recharging
 o - 2 scrolls of immolation
 r - 4 scrolls of enchant weapon
 z - 2 scrolls of fear
 B - 2 scrolls of enchant armour
 C - 3 scrolls of magic mapping
 E - a scroll of fog
 M - a scroll of holy word
 R - a scroll of brand weapon
 X - 4 scrolls of identify
 Z - 3 scrolls of amnesia
Potions
 h - 2 potions of heal wounds
 j - 13 potions of curing
 k - 2 potions of flight
 m - a potion of invisibility
 n - 3 potions of might
 p - a potion of magic
 s - 4 potions of lignification
 t - a potion of cancellation
 v - a potion of agility
 H - 3 potions of haste
 P - 2 potions of brilliance
 V - a potion of ambrosia
Books
 i - a book of Battle

   Spells                             Type                      Level
   a - Infusion                       Charms                       1
   b - Shroud of Golubria             Charms/Translocation         2
   c - Song of Slaying                Charms                       2
   d - Spectral Weapon                Hexes/Charms                 3
   e - Regeneration                   Charms/Necromancy            3
 G - the Catalogue of Stolen Souls and Feathers
   (You found it on level 1 of the Lair of Beasts)

   Spells                             Type                      Level
   a - Animate Skeleton               Necromancy                   1
   b - Pain                           Necromancy                   1
   c - Swiftness                      Charms/Air                   2
   d - Control Undead                 Necromancy                   4
   e - Excruciating Wounds            Charms/Necromancy            5
 S - a book of Power

   Spells                             Type                      Level
   a - Iskenderun's Battlesphere      Conjuration/Charms           5
   b - Venom Bolt                     Conjuration/Poison           5
   c - Bolt of Magma                  Conjuration/Fire/Earth       5
   d - Iron Shot                      Conjuration/Earth            6
   e - Orb of Destruction             Conjuration                  7
   f - Spellforged Servitor           Conjuration/Summoning        7
Comestibles
 b - 19 bread rations
 d - a meat ration
 D - 28 fruits


   Skills:
 - Level 5.8 Fighting
 - Level 8.1 Staves
 - Level 12.8 Dodging
 - Level 1.7 Stealth
 - Level 5.0 Shields
 - Level 15.0 Spellcasting
 - Level 15.0 Conjurations
 + Level 19.7 Fire Magic


You had 5 spell levels left.
You knew the following spells:

 Your Spells              Type           Power        Failure   Level  Hunger
a - Flame Tongue          Conj/Fire      #####        0%          1    None
b - Ignition              Fire           #######...   2%          8    #######
c - Conjure Flame         Conj/Fire      #######.     0%          3    None
d - Sticky Flame          Conj/Fire      #######.     1%          4    None
e - Fireball              Conj/Fire      #######...   1%          5    None
f - Swiftness             Chrm/Air       ###.....     5%          2    None
g - Bolt of Magma         Conj/Fire/Erth ######....   1%          5    None
h - Orb of Destruction    Conj           #######...   1%          7    #####..
i - Summon Butterflies    Summ           ###.....     3%          1    None
j - Bolt of Fire          Conj/Fire      #######...   1%          6    ####...


Dungeon Overview and Level Annotations

Branches:
Dungeon (15/15)            Temple (1/1) D:6            Lair (6/6) D:10
 Shoals (1/4) Lair:2        Snake (4/4) Lair:4        Slime (0/5) Lair:5
    Orc (2/2) D:12            Elf (0/3) Orc:2        Vaults (0/5) D:14
 Depths: D:15

Altars:
Ashenzari
Cheibriados
Dithmenos
Elyvilon
Fedhas
Gozag
Hepliaklqana
Kikubaaqudgha
Makhleb
Nemelex Xobeh
Okawaru
Qazlal
Ru
Sif Muna
Trog
Uskayaw
Vehumet
Xom
Yredelemnul
Zin
The Shining One
Beogh
Jiyva

Shops:
D:7 [   D:10 *   D:15 }   Orc:2 *[((

Annotations:
D:2 Sigmund
D:10 exclusion: oklob plant
Lair:1 exclusion: oklob plant


Innate Abilities, Weirdness & Mutations

You can breathe blasts of fire.
Your fiery red scales are hard. (AC +10)
You cannot fit into any form of body armour.
Your flesh is heat resistant. (rF+)
You are cold-blooded and may be slowed by cold attacks.
You have a pair of horns on your head.
You are agile. (Dex +2)
You are robust. (+10% HP)


Message History

The barbed spikes become lodged in your body.
* * * LOW HITPOINT WARNING * * *
The water elemental hits you.
The merfolk hits you from afar with a trident!
* * * LOW HITPOINT WARNING * * *
The manticore flicks its tail.
The volley of spikes hits you!
The barbed spikes become lodged in your body.
* * * LOW HITPOINT WARNING * * *
Okay, then.
You feel much better.
* * * LOW HITPOINT WARNING * * *
Your lungs strain for air!
The water elemental hits you.
The manticore flicks its tail.
The volley of spikes hits you!
The barbed spikes become lodged in your body.
* * * LOW HITPOINT WARNING * * *
The merfolk hits you from afar with a trident!!
You die...

≈≈≈P≈.≈≈≈≈≈≈≈≈≈≈≈
≈≈.≈≈≈≈..[<)≈≈≈≈≈≈≈≈
P..§≈≈≈....≈≈≈≈≈≈≈..
≈≈P..≈P.##..≈≈≈≈≈...
≈)≈§....###..≈≈≈≈.#.
≈)≈>§≈≈.# #.....≈...
≈≈..≈≈≈.# #.........
≈≈≈≈≈(≈.###.........
≈≈c≈≈.≈≈m†@......###
≈§§≈....cE..(.#.##
≈§§≈...≈≈H....###
≈≈§≈≈≈≈)≈....##
≈≈≈≈≈≈≈≈..≈≈##
≈≈≈≈≈≈≈≈..≈≈#
≈≈≈≈≈≈≈≈≈≈≈≈.
≈≈≈≈≈≈≈≈≈≈≈≈..


You could see a merfolk, a faun, a manticore and a water elemental.

Vanquished Creatures
  Saint Roka (Snake:4)
  Gastronok (Lair:3)
  A tengu reaver (D:14)
  7 nagarajas
  A frost giant (D:14)
  2 storm dragons (D:14)
  Aizul (Snake:2)
  2 orc warlords (Orc:2)
  2 entropy weavers (Lair:5)
  A vampire knight (D:14)
  Snorg (D:12)
  A minotaur (Lab)
  The ghost of p0werm0de the Fighter, a journeyman MiBe of Trog (D:12)
  2 fire dragons
  3 hydras
  Erolcha (D:11)
  11 naga warriors
  3 catoblepae
  Erica (Lair:2)
  3 ice dragons
  4 centaur warriors
  A death knight (D:14)
  3 death yaks (Lair:6)
  12 anacondas
  A queen ant (Lair:5)
  A deep troll shaman (Lair:6)
  4 tengu warriors
  7 two-headed ogres
  A vampire mage (D:15)
  10 naga sharpshooters
  2 orc high priests
  Nergalle (Lair:3)
  Sonja (Lair:2)
  8 shock serpents
  A deep elf knight (D:14)
  A salamander mystic (Snake:3)
  A fire crab (shapeshifter) (D:14)
  A sea snake (Shoals:1)
  8 skeletal warriors
  A deep troll (shapeshifter) (D:14)
  6 naga ritualists
  4 unseen horrors
  A lindwurm (Lair:6)
  4 orc knights
  A phantasmal warrior (D:14)
  A wolf spider (D:14)
  18 mana vipers
  An iron dragon zombie (D:15)
  2 deep elf magi (D:13)
  4 oklob plants (Lair:3)
  A cyclops (D:14)
  A manticore (D:14)
  2 fauns (Shoals:1)
  16 salamanders
  2 ugly things
  7 orc sorcerers
  4 merfolk sirens
  15 elephants
  3 ice statues
  A guardian serpent (shapeshifter) (D:14)
  21 naga magi
  A moth of wrath (shapeshifter) (D:14)
  48 black mambas
  3 guardian serpents
  Joseph (D:7)
  Maurice (D:12)
  12 spiny frogs
  7 centaur skeletons
  2 gargoyles
  16 rime drakes
  11 komodo dragons
  2 freezing wraiths
  The ghost of Oddysee the Skirmisher, an amateur DrBe of Trog (D:4)
  The ghost of equalderp2856 the Ducker, a novice SpFi (D:5)
  A merfolk (Lair:2)
  Grinder (D:4)
  3 polar bears
  A meliai (shapeshifter) (D:14)
  3 trolls
  A wolf spider simulacrum (D:14)
  A hornet (D:12)
  5 blink frogs
  12 hippogriffs
  A redback (D:14)
  A water elemental (D:14)
  A wraith (D:14)
  43 yaks
  A vampire (D:15)
  3 wyverns
  8 steam dragons
  2 hungry ghosts (D:9)
  3 vampire mosquitoes (D:15)
  4 basilisks
  14 soldier ants
  9 wargs
  70 nagas
  7 water moccasins
  An acid dragon (D:11)
  9 porcupines
  51 orc warriors
  A black bear (Lair:6)
  4 sky beasts
  An eye of draining (D:13)
  A phantom (D:13)
  16 ice beasts
  2 necrophages
  18 ogres
  15 wolves
  22 centaurs
  16 crocodiles
  2 big kobolds (D:7)
  12 bullfrogs
  A wyvern skeleton (D:14)
  2 scorpions
  A spriggan skeleton (Lab)
  13 killer bees
  7 wights
  3 electric eels
  3 centaur zombies
  2 howler monkeys
  3 crimson imps
  2 quasits
  2 jellies
  Crazy Yiuf (D:5)
  3 bullfrog zombies
  6 hounds
  25 orc wizards
  31 orc priests
  5 bullfrog skeletons
  A gnoll shaman (D:9)
  2 iguanas
  34 worker ants
  Ijyb (D:5)
  2 killer bee zombies (D:7)
  2 ogre skeletons (Lab)
  A worker ant zombie (D:9)
  4 gnolls (D:9)
  15 adders
  5 shadow imps
  An ooze (D:1)
  2 adder skeletons
  4 dart slugs
  4 worms
  4 leopard geckos
  131 orcs
  5 giant cockroaches
  7 goblins
  6 hobgoblins
  7 jackals
  5 quokkas
  2 ball pythons
  9 bats
  8 frilled lizards
  15 kobolds
  2 quokka skeletons
  7 rats
  13 plants
1111 creatures vanquished.

Vanquished Creatures (others)
  2 naga sharpshooters
  A salamander (Snake:2)
  A centaur (D:8)
  A fire vortex (D:5)
  13 fungi
  33 plants
  2 withered plants (D:15)
53 creatures vanquished.

Grand Total: 1164 creatures vanquished

Notes
Turn   | Place    | Note
-------+----------+-------------------------------------------
     0 | D:1      | Ferkelamun the Draconian Fire Elementalist began the quest for the Orb.
     0 | D:1      | Reached XP level 1. HP: 14/14 MP: 3/3
   211 | D:1      | Reached XP level 2. HP: 20/20 MP: 0/5
   267 | D:1      | Learned a level 2 spell: Throw Flame
  1078 | D:2      | Reached XP level 3. HP: 26/26 MP: 3/6
  1111 | D:2      | Learned a level 3 spell: Conjure Flame
  1360 | D:2      | Noticed Sigmund
  2260 | D:3      | Reached XP level 4. HP: 24/33 MP: 1/7
  3570 | D:4      | Reached skill level 4 in Fire Magic
  3654 | D:4      | Noticed Grinder
  3737 | D:3      | Reached XP level 5. HP: 34/38 MP: 5/8
  4096 | D:4      | Noticed Oddysee's ghost (amateur DrBe)
  4567 | D:4      | Reached XP level 6. HP: 45/45 MP: 2/9
  4723 | D:4      | Killed Oddysee's ghost
  4723 | D:4      | Reached skill level 5 in Conjurations
  4723 | D:4      | Reached skill level 5 in Fire Magic
  4723 | D:4      | Your scales start taking on a fiery red colour.
  4723 | D:4      | Reached skill level 6 in Fire Magic
  4723 | D:4      | Reached XP level 7. HP: 50/50 MP: 0/10
  4723 | D:4      | Gained mutation: Your flesh is heat resistant. (rF+) [Red Draconian growth]
  4806 | D:4      | Learned a level 4 spell: Sticky Flame
  4899 | D:4      | Paralysed by Grinder for 7 turns
  4901 | D:4      | Killed Grinder
  4901 | D:4      | Reached skill level 8 in Fire Magic
  5225 | D:4      | Noticed a wyvern
  5245 | D:4      | Killed a wyvern
  5245 | D:4      | Reached skill level 9 in Fire Magic
  5319 | D:4      | Reached XP level 8. HP: 57/57 MP: 7/12
  5627 | D:5      | Entered Level 5 of the Dungeon
  6210 | D:5      | Learned a level 5 spell: Fireball
  6681 | D:5      | Noticed equalderp2856's ghost (novice SpFi)
  6705 | D:5      | Noticed Ijyb
  6741 | D:5      | Killed equalderp2856's ghost
  6882 | D:5      | Killed Ijyb
  7043 | D:5      | Found a runed door.
  7047 | D:5      | Noticed Crazy Yiuf
  7048 | D:5      | Killed Crazy Yiuf
  7404 | D:6      | Reached XP level 9. HP: 45/62 MP: 10/15
  7517 | D:6      | Reached skill level 10 in Fire Magic
  7905 | D:6      | Got a smoking lajatang
  7906 | D:6      | Identified the +11 lajatang of Popular Demand {pain, rElec Dex+2} (You found it on level 6 of the Dungeon)
  8038 | D:6      | Found a staircase to the Ecumenical Temple.
  8050 | Temple   | Entered the Ecumenical Temple
  8103 | Temple   | Became a worshipper of Vehumet
  8363 | D:7      | Reached skill level 11 in Fire Magic
  8827 | D:7      | Reached * piety under Vehumet
  8827 | D:7      | Offered knowledge of Magic Dart by Vehumet.
  8832 | D:7      | Reached skill level 12 in Fire Magic
  8979 | D:7      | Found Laommestig's Armour Boutique.
  9166 | D:7      | Noticed Joseph
  9170 | D:7      | Killed Joseph
  9170 | D:7      | Reached skill level 13 in Fire Magic
  9905 | D:7      | Reached XP level 10. HP: 69/69 MP: 9/16
 10246 | D:8      | Reached skill level 1 in Fighting
 10246 | D:8      | Reached skill level 1 in Staves
 10543 | D:8      | Offered knowledge of Sting by Vehumet.
 11039 | D:8      | Reached ** piety under Vehumet
 11286 | D:8      | Reached skill level 5 in Staves
 11552 | D:9      | Noticed a two-headed ogre
 11575 | D:9      | Killed a two-headed ogre
 11612 | D:9      | Noticed a two-headed ogre
 11647 | D:9      | Killed a two-headed ogre
 11794 | D:9      | Offered knowledge of Ignite Poison by Vehumet.
 12119 | D:9      | Reached *** piety under Vehumet
 12119 | D:9      | Reached XP level 11. HP: 82/82 MP: 15/17
 12244 | D:9      | Noticed a two-headed ogre
 12251 | D:9      | Killed a two-headed ogre
 12492 | D:10     | Entered Level 10 of the Dungeon
 12501 | D:10     | Found a deep blue altar of Sif Muna.
 12501 | D:10     | Noticed an oklob plant
 12534 | D:10     | Offered knowledge of Iskenderun's Mystic Blast by Vehumet.
 12763 | D:10     | Found a staircase to the Lair.
 12894 | D:10     | Found Feobbublaxt's General Store.
 12951 | D:10     | Noticed a tengu warrior
 12986 | D:10     | Killed a tengu warrior
 12986 | D:10     | Reached skill level 5 in Fighting
 13470 | D:10     | Reached skill level 5 in Dodging
 13691 | Lair:1   | Entered Level 1 of the Lair of Beasts
 14265 | Lair:1   | Reached skill level 5 in Spellcasting
 14472 | Lair:1   | Found a hide-covered altar of Uskayaw.
 14587 | Lair:1   | Identified the Catalogue of Stolen Souls and Feathers
 14640 | Lair:1   | Noticed an oklob plant
 14828 | Lair:1   | Reached **** piety under Vehumet
 14901 | Lair:1   | Learned a level 2 spell: Swiftness
 15412 | Lair:2   | Noticed a five-headed hydra
 15436 | Lair:2   | Noticed Erica
 15477 | Lair:2   | Killed Erica
 15666 | Lair:2   | Killed a five-headed hydra
 15891 | Lair:2   | Offered knowledge of Fulminant Prism by Vehumet.
 15891 | Lair:2   | Reached XP level 12. HP: 84/95 MP: 19/24
 16135 | Lair:2   | Noticed Sonja
 16141 | Lair:2   | Killed Sonja
 16820 | Lair:2   | Found a staircase to the Shoals.
 16986 | Lair:3   | Noticed a seven-headed hydra
 17044 | Lair:3   | Reached skill level 10 in Conjurations
 17160 | Lair:3   | Found a labyrinth entrance.
 17222 | Lab      | Entered a labyrinth
 17831 | Lab      | Noticed a minotaur
 17839 | Lab      | Killed a minotaur
 17909 | Lab      | Got a shimmering hunting sling
 17917 | Lab      | Identified the +9 hunting sling of Okawaru {freeze, rElec rPois MP-9 Str-3} (You found it in a labyrinth)
 18017 | Lair:3   | Noticed Nergalle
 18023 | Lair:3   | Killed Nergalle
 18071 | Lair:3   | Killed a seven-headed hydra
 18285 | Lair:3   | Noticed Gastronok
 18738 | Lair:3   | Killed Gastronok
 18738 | Lair:3   | Reached skill level 14 in Fire Magic
 19709 | Lair:3   | Reached XP level 13. HP: 70/102 MP: 11/25
 20112 | Lair:4   | Reached skill level 15 in Fire Magic
 20268 | Lair:4   | Reached ***** piety under Vehumet
 20268 | Lair:4   | Offered knowledge of Lee's Rapid Deconstruction by Vehumet.
 20629 | Lair:4   | Found a staircase to the Snake Pit.
 20916 | Lair:5   | Found a staircase to the Slime Pits.
 20917 | Lair:5   | Found a viscous altar of Jiyva.
 21542 | Lair:5   | Reached skill level 16 in Fire Magic
 21864 | Lair:5   | Learned a level 5 spell: Bolt of Magma
 21872 | Lair:5   | Learned a level 7 spell: Orb of Destruction
 22125 | Lair:5   | Noticed an entropy weaver
 22129 | Lair:5   | Killed an entropy weaver
 22135 | Lair:5   | Noticed an entropy weaver
 22166 | Lair:5   | Killed an entropy weaver
 22763 | Lair:6   | Entered Level 6 of the Lair of Beasts
 24085 | Lair:6   | Reached XP level 14. HP: 68/108 MP: 19/26
 24542 | Lair:6   | Offered knowledge of Yara's Violent Unravelling by Vehumet.
 25535 | Lair:6   | Reached skill level 15 in Conjurations
 25786 | D:11     | Noticed Erolcha
 25790 | D:11     | Killed Erolcha
 25803 | D:11     | Found a frozen archway.
 26045 | IceCv    | Entered an ice cave
 26536 | IceCv    | Reached skill level 10 in Spellcasting
 28104 | D:11     | Offered knowledge of Ozocubu's Refrigeration by Vehumet.
 28591 | D:12     | Noticed Snorg
 28591 | D:12     | Noticed Maurice
 28619 | D:12     | Killed Snorg
 28951 | D:12     | Killed Maurice
 29074 | D:12     | Found a staircase to the Orcish Mines.
 29105 | D:12     | Noticed p0werm0de's ghost (journeyman MiBe)
 29111 | D:12     | Killed p0werm0de's ghost
 29111 | D:12     | Reached XP level 15. HP: 115/115 MP: 20/31
 29164 | D:12     | Learned a level 1 spell: Summon Butterflies
 29266 | Orc:1    | Entered Level 1 of the Orcish Mines
 29950 | Orc:1    | Offered knowledge of Bolt of Cold by Vehumet.
 30013 | Orc:1    | Found a roughly hewn altar of Beogh.
 30552 | D:10     | Bought a scroll of identify for 30 gold pieces
 30646 | Orc:2    | Entered Level 2 of the Orcish Mines
 30646 | Orc:2    | Noticed an orc warlord
 30822 | Orc:2    | Killed an orc warlord
 31620 | Orc:2    | Found a roughly hewn altar of Beogh.
 31793 | Orc:2    | Found Verruv's Assorted Antiques.
 31815 | Orc:2    | Found a staircase to the Elven Halls.
 32072 | Orc:2    | Offered knowledge of Bolt of Fire by Vehumet.
 32261 | Orc:1    | Learned a level 6 spell: Bolt of Fire
 32567 | Orc:2    | Noticed an orc warlord
 32607 | Orc:2    | Killed an orc warlord
 32751 | Orc:2    | Found Nuoleman's Antique Armour Boutique.
 32752 | Orc:2    | Found a roughly hewn altar of Beogh.
 32756 | Orc:2    | Found Juojoy's Antique Weapon Shop.
 32785 | Orc:2    | Bought a pair of runed gloves for 232 gold pieces
 32785 | Orc:2    | Bought a jewelled shield for 294 gold pieces
 32802 | Orc:2    | Identified the cursed +0 shield of the Kettle-Drum {Str-4 Int+5} (You bought it in a shop on level 2 of the Orcish Mines)
 32886 | Orc:2    | Reached skill level 1 in Shields
 33033 | Orc:2    | Found a roughly hewn altar of Beogh.
 33034 | Orc:2    | Found Miwudgh's Weapon Boutique.
 33080 | Orc:2    | Found a roughly hewn altar of Beogh.
 33253 | Orc:2    | Found a roughly hewn altar of Beogh.
 34551 | D:14     | Reached skill level 5 in Shields
 34571 | D:14     | Got a faintly glowing wooden ring
 34573 | D:14     | Identified the ring "Hogoz" {rElec rPois rF++} (You found it on level 14 of the Dungeon)
 34789 | D:14     | Noticed a storm dragon
 34993 | D:14     | Paralysed by a vampire knight for 6 turns
 35304 | D:14     | Noticed a tengu reaver
 35312 | D:14     | Killed a tengu reaver
 35312 | D:14     | Reached skill level 17 in Fire Magic
 35603 | D:14     | Killed a storm dragon
 35889 | D:14     | Noticed a frost giant
 35901 | D:14     | Killed a frost giant
 36268 | D:14     | Found a gate to the Vaults.
 36558 | D:14     | Noticed a storm dragon
 36563 | D:14     | Killed a storm dragon
 36563 | D:14     | Reached skill level 18 in Fire Magic
 36571 | D:14     | Reached XP level 16. HP: 38/122 MP: 24/32
 37085 | D:15     | Entered Level 15 of the Dungeon
 37086 | D:15     | Reached ****** piety under Vehumet
 37515 | D:15     | Offered knowledge of Freezing Cloud by Vehumet.
 37609 | D:15     | Found Finizi Nueg's Gadget Emporium.
 38063 | Snake:1  | Entered Level 1 of the Snake Pit
 40186 | Snake:1  | Got a fine shortbow
 40552 | Snake:2  | Reached skill level 10 in Dodging
 40614 | Snake:2  | Noticed Aizul
 41496 | Snake:2  | Killed Aizul
 42509 | Snake:2  | Reached XP level 17. HP: 127/128 MP: 35/35
 42999 | Snake:3  | Offered knowledge of Conjure Ball Lightning by Vehumet.
 43566 | Snake:3  | Got a pair of scorched gloves
 43577 | Snake:3  | Identified the +0 pair of gloves of Tagiw {*Contam rCorr Str+2} (You found it on level 3 of the Snake Pit)
 43638 | Snake:3  | Gained mutation: You are dopey. (Int -2) [mutagenic glow]
 43689 | Snake:3  | Gained mutation: You have large cloven feet. [potion of mutation]
 43689 | Snake:3  | Gained mutation: You expend magic power (3 MP) to strengthen your wands. [potion of mutation]
 43689 | Snake:3  | Gained mutation: You are agile. (Dex +2) [potion of mutation]
 44022 | D:14     | Lost mutation: You are agile. (Dex +2) [potion of mutation]
 44022 | D:14     | Lost mutation: You are dopey. (Int -2) [potion of mutation]
 44022 | D:14     | Lost mutation: You have large cloven feet. [potion of mutation]
 44022 | D:14     | Gained mutation: You do not regenerate when monsters are visible. [potion of mutation]
 44022 | D:14     | Gained mutation: Your mind is acute. (Int +2) [potion of mutation]
 44022 | D:14     | Lost mutation: Your mind is acute. (Int +2) [potion of mutation]
 44022 | D:14     | Gained mutation: You have an increased reservoir of magic. (+10% MP) [potion of mutation]
 44023 | D:14     | Lost mutation: You have an increased reservoir of magic. (+10% MP) [potion of mutation]
 44023 | D:14     | Lost mutation: You do not regenerate when monsters are visible. [potion of mutation]
 44023 | D:14     | Lost mutation: You expend magic power (3 MP) to strengthen your wands. [potion of mutation]
 44023 | D:14     | Gained mutation: You are robust. (+10% HP) [potion of mutation]
 44023 | D:14     | Gained mutation: You have a pair of small horns on your head. [potion of mutation]
 44023 | D:14     | Gained mutation: You have a pair of horns on your head. [potion of mutation]
 44023 | D:14     | Gained mutation: You are agile. (Dex +2) [potion of mutation]
 44326 | Snake:3  | Reached skill level 15 in Spellcasting
 44844 | Snake:4  | Entered Level 4 of the Snake Pit
 44859 | Snake:4  | Noticed Saint Roka
 45382 | Snake:4  | Killed Saint Roka
 45683 | Snake:3  | Offered knowledge of Shatter by Vehumet.
 45683 | Snake:3  | Offered knowledge of Chain Lightning by Vehumet.
 45683 | Snake:3  | Offered knowledge of Ignition by Vehumet.
 45701 | Snake:3  | Learned a level 8 spell: Ignition
 47342 | Snake:4  | Reached skill level 19 in Fire Magic
 47765 | Snake:4  | Reached XP level 18. HP: 148/148 MP: 37/37
 47894 | Snake:4  | Got a serpentine rune of Zot
 48169 | Shoals:1 | Entered Level 1 of the Shoals
 48198 | Shoals:1 | Slain by a merfolk

Skill      XL: |  1  2  3  4  5  6  7  8  9 10 11 12 13 14 15 16 17 |
---------------+----------------------------------------------------+-----
Conjurations   | 2 3 4 5 8 11 13 15 | 15.0
Fire Magic     | 4 6 9 13 14 16 18 19 | 19.7
Spellcasting   | 4 8 12 14 15 | 15.0
Fighting       | 3 5 |  5.8
Staves         | 8 |  8.1
Dodging        | 3 5 7 10 12 | 12.8
Shields        | 5 |  5.0
Stealth        | |  1.7

Action                   |  1- 3 |  4- 6 |  7- 9 | 10-12 | 13-15 | 16-18 || total
-------------------------+-------+-------+-------+-------+-------+-------++-------
Melee: Unarmed           |     4 |       |       |       |       |       ||     4
       Tailslap          |     2 |     5 |    16 |    49 |    86 |     7 ||   165
       Club              |     6 |       |       |       |       |       ||     6
       Falchion          |       |    60 |   109 |       |       |       ||   169
       Lajatang          |       |       |    61 |   380 |   616 |       ||  1057
       Staff             |       |       |       |       |   121 |   119 ||   240
       Headbutt          |       |       |       |       |       |     5 ||     5
 Cast: Flame Tongue      |    63 |    55 |    87 |    98 |    52 |    60 ||   415
       Throw Flame       |    11 |    27 |    38 |    44 |     7 |       ||   127
       Conjure Flame     |     2 |     4 |     4 |    11 |     6 |     1 ||    28
       Sticky Flame      |       |       |    13 |    52 |   178 |    82 ||   325
       Fireball          |       |       |     3 |    27 |    59 |    81 ||   170
       Orb of Destructio |       |       |       |       |    94 |   141 ||   235
       Bolt of Magma     |       |       |       |       |    56 |    33 ||    89
       Bolt of Fire      |       |       |       |       |    34 |    69 ||   103
       Swiftness         |       |       |       |       |     2 |       ||     2
       Summon Butterflie |       |       |       |       |     1 |       ||     1
       Ignition          |       |       |       |       |       |     7 ||     7
 Abil: Breathe Fire      |       |       |    15 |    11 |     4 |     2 ||    32
Evoke: Wand              |       |       |     5 |     4 |       |       ||     9
  Use: Scroll            |     5 |     4 |     3 |    10 |    12 |     5 ||    39
       Potion            |       |       |       |     2 |       |     5 ||     7
 Stab: Sleeping          |       |     1 |       |     3 |     7 |       ||    11
       Distracted        |       |       |       |       |     1 |       ||     1
  Eat: Chunk             |     6 |    11 |    25 |    33 |   103 |    52 ||   230
       Fruit             |       |       |       |     7 |     5 |     9 ||    21
       Royal jelly       |       |       |       |     2 |     3 |     5 ||    10
       Meat ration       |       |       |       |     1 |     1 |     5 ||     7
Armor: Skin              |     9 |    24 |    83 |    76 |   238 |    67 ||   497
Dodge: Dodged            |    17 |    38 |   108 |   188 |   450 |   158 ||   959
Block: Other             |       |    23 |    62 |    83 |   158 |       ||   326
       Reflection        |       |     1 |     3 |     5 |    18 |    40 ||    67
       Shield            |       |       |       |       |   128 |   232 ||   360
       Rpst.: Falchion   |       |     8 |    27 |       |       |       ||    35
